[Event "Titled Tuesday Blitz April 05 Late 2022"]
[White "Bernat, David"]
[Black "Suder, Jakub"]
[WhiteFideId "2099225"]
[BlackFideId "1195310"]
[WhiteElo "2307"]
[BlackElo "2058"]
[Result "0-1"]
[Round "03"]
[TimeControl "180+1"]
[Date "2022.04.06"]
[WhiteClock "0:00:44"]
[BlackClock "0:02:29"]

1. c4 e6 2. e4 c5 3. Nc3 Nc6 4. g3 Nf6 5. Bg2 Be7 6. Nge2 b6 7. O-O Bb7 8. e5 Ng4 9. f4 h5 10. h3 Nh6 11. Ne4 Nf5 12. Kh2 Qc7 13. N2c3 a6 14. Nd5 exd5 15. cxd5 Ncd4 16. d6 Bxd6 17. Nxd6+ Nxd6 18. exd6 Qc8 19. Qe1+ Kf8 20. Qe7+ Kg8 21. b3 Bxg2 22. Kxg2 Qc6+ 23. Kg1 Rh6 24. Bb2 Re6 25. Qg5 Rae8 26. f5 Re2 27. Rf2 Rxf2 28. Kxf2 Re2+ 0-1


[Site "https://www.chess.com"]

[Event "Titled Tuesday Blitz April 05 Late 2022"]
[White "Brizzi, Milagros Tatiana"]
[Black "Manelyuk, Daniil"]
[WhiteFideId "128350"]
[BlackFideId "44173920"]
[WhiteElo "1844"]
[BlackElo "2209"]
[Result "0-1"]
[Round "03"]
[TimeControl "180+1"]
[Date "2022.04.06"]
[WhiteClock "0:00:02"]
[BlackClock "0:01:46"]

1. e4 e6 2. d3 c5 3. Nf3 Nc6 4. g3 g6 5. Bg2 Bg7 6. O-O Nge7 7. c3 O-O 8. Re1 d6 9. Nbd2 Rb8 10. Nf1 b5 11. Be3 b4 12. d4 bxc3 13. bxc3 cxd4 14. cxd4 d5 15. e5 Na5 16. h4 Nc4 17. Bg5 h6 18. Bf4 Nf5 19. N1h2 Ba6 20. Bh3 Nb2 21. Qd2 Nd3 22. Reb1 Nxf4 23. Qxf4 Bd3 24. Rd1 Be4 25. Rd2 Qa5 26. Re1 Rfc8 27. g4 Ne7 28. g5 h5 29. Rde2 Rc3 30. Rxe4 dxe4 31. Qxe4 Nd5 32. Kg2 Rb2 33. Nf1 Rcc2 34. N1d2 Rxd2 35. Nxd2 Qxd2 36. Rf1 Ne3+ 37. Kf3 Nxf1 0-1


[Site "https://www.chess.com"]

[Event "Titled Tuesday Blitz April 05 Late 2022"]
[White "Buchenau, Frank"]
[Black "Roman, Rodrigo"]
[WhiteFideId "4604350"]
[BlackFideId "3701220"]
[WhiteElo "2193"]
[BlackElo "2001"]
[Result "1-0"]
[Round "03"]
[TimeControl "180+1"]
[Date "2022.04.06"]
[WhiteClock "0:00:59"]
[BlackClock "0:01:24"]

1. e4 e6 2. d4 d5 3. Nc3 dxe4 4. Nxe4 Nd7 5. Nf3 Ngf6 6. Bd3 Be7 7. Nxf6+ Nxf6 8. Qe2 O-O 9. O-O b6 10. c4 Bb7 11. Bd2 c5 12. dxc5 Bxc5 13. b4 Be7 14. Bc3 Rc8 15. Rfd1 Qc7 16. Ne5 Rfd8 17. a3 Rd6 18. Bc2 Rcd8 19. Rxd6 Qxd6 20. Rd1 Qc7 21. Re1 Ba6 22. Bb2 Bd6 23. h3 Bxe5 24. Bxe5 Qxc4 25. Qxc4 Bxc4 26. Rc1 Rc8 27. Ba4 b5 28. Bxb5 Ne4 29. Rxc4 Rxc4 30. Bxc4 Nd2 31. Bd3 f6 32. Bd4 Nb3 33. Bxa7 Kf7 34. b5 Ke7 35. b6 Nc5 36. Be4 f5 37. b7 Nd7 38. Bc6 Ne5 39. b8=Q Ng6 40. Bc5+ Kf6 41. Qd8+ Ke5 42. Qd4# 1-0


[Site "https://www.chess.com"]

[Event "Titled Tuesday Blitz April 05 Late 2022"]
[White "Cagara, Paulina"]
[Black "Bellissimo, Joseph F."]
[WhiteFideId "1124870"]
[BlackFideId "2609843"]
[WhiteElo "1780"]
[BlackElo "2061"]
[Result "0-1"]
[Round "03"]
[TimeControl "180+1"]
[Date "2022.04.06"]
[WhiteClock "0:01:28"]
[BlackClock "0:02:06"]

1. e4 e6 2. d4 d5 3. Nc3 Nf6 4. e5 Nfd7 5. f4 c5 6. Nf3 Nc6 7. Be3 a6 8. Qd2 b5 9. Nd1 Qb6 10. c3 b4 11. Bd3 a5 12. O-O Ba6 13. Nf2 f6 14. f5 Nd8 15. fxe6 Nxe6 16. exf6 Nxf6 17. Rfe1 Bxd3 18. Qxd3 Be7 19. dxc5 Nxc5 20. Bxc5 Qxc5 21. cxb4 axb4 22. Ne5 O-O 23. Qh3 Ne4 24. Rxe4 Qxf2+ 0-1


[Site "https://www.chess.com"]

[Event "Titled Tuesday Blitz April 05 Late 2022"]
[White "Calderon, Zachary"]
[Black "Jaferian, Koosha"]
[WhiteFideId "2076969"]
[BlackFideId "12507440"]
[WhiteElo "2296"]
[BlackElo "2030"]
[Result "0-1"]
[Round "03"]
[TimeControl "180+1"]
[Date "2022.04.06"]
[WhiteClock "0:01:19"]
[BlackClock "0:02:17"]

1. Nf3 d5 2. c4 c6 3. e3 g6 4. Nc3 Bg7 5. d4 Nf6 6. h3 O-O 7. Bd3 e6 8. b3 a6 9. O-O b5 10. a4 b4 11. Ne2 a5 12. c5 Nbd7 13. Nd2 Ba6 14. Bxa6 Rxa6 15. f4 Ne8 16. Nf3 f5 17. Ne5 Nxe5 18. fxe5 Qd7 19. Bd2 g5 20. Be1 h6 21. h4 Qf7 22. hxg5 hxg5 23. g4 Qg6 24. Qd3 Ra7 25. gxf5 exf5 26. Ng3 Raf7 27. Rf2 Nc7 28. Bd2 Ne6 29. Raf1 Qh6 30. Rxf5 Qh3 31. R1f3 Rxf5 32. Nxf5 Qxf3 33. Ne7+ Kf7 34. Nxc6 Qg3+ 35. Kf1 Ke8+ 36. Ke2 Qg4+ 37. Ke1 Qg1+ 38. Ke2 Qf1# 0-1


[Site "https://www.chess.com"]

[Event "Titled Tuesday Blitz April 05 Late 2022"]
[White "Chen, Justin"]
[Black "Dardha, Daniel"]
[WhiteFideId "2098199"]
[BlackFideId "240990"]
[WhiteElo "2502"]
[BlackElo "2482"]
[Result "0-1"]
[Round "03"]
[TimeControl "180+1"]
[Date "2022.04.06"]
[WhiteClock "0:00:01"]
[BlackClock "0:00:37"]

1. Nf3 Nc6 2. d4 d5 3. Bf4 Bg4 4. Nbd2 e6 5. e3 Bd6 6. Bg3 Nge7 7. Be2 O-O 8. c4 dxc4 9. Nxc4 Bb4+ 10. Ncd2 Nf5 11. a3 Bxd2+ 12. Qxd2 Qe7 13. Rc1 Rad8 14. Qc2 Nxg3 15. hxg3 Bf5 16. Qc5 Qf6 17. Bb5 Rd5 18. Qc4 Ne7 19. Qe2 c6 20. Bc4 Rdd8 21. Ne5 c5 22. e4 Bg6 23. Nxg6 Qxg6 24. dxc5 Nc6 25. O-O Ne5 26. Rfd1 Ng4 27. Rxd8 Rxd8 28. Rd1 Rc8 29. f3 Ne5 30. g4 h6 31. b4 Qg5 32. Bb3 Rd8 33. Rxd8+ Qxd8 34. Qd1 Qh4 35. Qd4 Qg3 36. Qd8+ Kh7 37. Kf1 Nxf3 38. Qd3 Qe1# 0-1


[Site "https://www.chess.com"]

[Event "Titled Tuesday Blitz April 05 Late 2022"]
[White "Chernomordik, Pavel"]
[Black "Papp, Levente"]
[WhiteFideId "2804530"]
[BlackFideId "751243"]
[WhiteElo "2220"]
[BlackElo "2308"]
[Result "1-0"]
[Round "03"]
[TimeControl "180+1"]
[Date "2022.04.06"]
[WhiteClock "0:01:17"]
[BlackClock "0:00:28"]

1. e4 e6 2. Nc3 d5 3. d4 Bb4 4. Ne2 Ne7 5. a3 Ba5 6. e5 O-O 7. Bg5 Qe8 8. g4 c5 9. dxc5 Nbc6 10. b4 Bc7 11. f4 a6 12. Qd3 Ng6 13. O-O-O h6 14. h4 hxg5 15. hxg5 f6 16. gxf6 gxf6 17. Qh3 Qf7 18. exf6 Rd8 19. g5 Kf8 20. Bg2 Nxf4 21. Qh6+ Ke8 22. Nxf4 Bxf4+ 23. Kb1 Kd7 24. Bxd5 Kc7 25. Bxc6 bxc6 26. Rxd8 Kxd8 27. Qh8+ Qe8 28. f7 1-0


[Site "https://www.chess.com"]

[Event "Titled Tuesday Blitz April 05 Late 2022"]
[White "Chyngyz, Sultai"]
[Black "Ronka, Erik"]
[WhiteFideId "13803158"]
[BlackFideId "505080"]
[WhiteElo "1365"]
[BlackElo "2264"]
[Result "0-1"]
[Round "03"]
[TimeControl "180+1"]
[Date "2022.04.06"]
[WhiteClock "0:00:06"]
[BlackClock "0:00:03"]

1. e4 c5 2. Nf3 e6 3. d4 cxd4 4. Nxd4 a6 5. Nc3 Qc7 6. Be3 Bb4 7. Qd3 Nf6 8. f3 d5 9. Be2 Nbd7 10. O-O dxe4 11. Nxe4 O-O 12. Nxf6+ Nxf6 13. Bg5 Be7 14. Kh1 b6 15. Rad1 Bb7 16. c3 Rfd8 17. Qe3 h6 18. Bf4 Qc8 19. Bg3 Nd5 20. Qc1 b5 21. a3 Bf6 22. Nb3 Nb6 23. Rxd8+ Bxd8 24. Rd1 Bd5 25. Nd4 Nc4 26. Nf5 Qc6 27. Ne3 Nxe3 28. Qxe3 Bb6 29. Qf4 Re8 30. Qg4 e5 31. Bd3 e4 32. fxe4 Bxe4 33. Bxe4 Rxe4 34. Qf3 Qe6 35. h3 g6 36. Rd3 a5 37. Rd6 Re1+ 38. Kh2 Bg1+ 39. Kh1 Bc5+ 40. Bxe1 Qxe1+ 41. Kh2 Bg1+ 42. Kh1 Bf2+ 43. Kh2 Qg1# 0-1


[Site "https://www.chess.com"]

[Event "Titled Tuesday Blitz April 05 Late 2022"]
[White "Constantinou, Peter"]
[Black "Ambartsumova, Karina"]
[WhiteFideId "413038"]
[BlackFideId "4166299"]
[WhiteElo "2230"]
[BlackElo "2262"]
[Result "1-0"]
[Round "03"]
[TimeControl "180+1"]
[Date "2022.04.06"]
[WhiteClock "0:01:06"]
[BlackClock "0:00:27"]

1. b3 e5 2. Bb2 Nc6 3. c4 g6 4. e3 Bg7 5. Nf3 Nge7 6. d4 d6 7. Nc3 O-O 8. Be2 f5 9. dxe5 Nxe5 10. O-O Bd7 11. Qc2 N7c6 12. Nd5 Nxf3+ 13. Bxf3 Ne5 14. Be2 c6 15. Nf4 Qe7 16. Rad1 Rad8 17. Rd2 Be8 18. Rfd1 g5 19. Nd3 Bg6 20. Nxe5 dxe5 21. c5 Rxd2 22. Rxd2 Rd8 23. b4 Kf8 24. h3 Ke8 25. Bc4 Rxd2 26. Qxd2 Qd7 27. Qxd7+ Kxd7 28. f4 gxf4 29. exf4 b6 30. fxe5 bxc5 31. e6+ 1-0


[Site "https://www.chess.com"]

[Event "Titled Tuesday Blitz April 05 Late 2022"]
[White "Danaci, Ege"]
[Black "Wieczorek, Oskar"]
[WhiteFideId "34506748"]
[BlackFideId "1133950"]
[WhiteElo "1799"]
[BlackElo "2319"]
[Result "0-1"]
[Round "03"]
[TimeControl "180+1"]
[Date "2022.04.06"]
[WhiteClock "0:00:09"]
[BlackClock "0:00:16"]

1. e4 c5 2. Nc3 e6 3. g3 Nc6 4. Bg2 Nge7 5. d3 g6 6. Be3 Nd4 7. Nce2 b6 8. c3 Nxe2 9. Nxe2 Bb7 10. d4 cxd4 11. Nxd4 Bg7 12. O-O a6 13. a4 O-O 14. Qd2 d5 15. exd5 Bxd5 16. Rad1 Bxg2 17. Kxg2 Qc7 18. Nc2 Qc6+ 19. Kg1 Nd5 20. Bd4 Qxa4 21. Bxg7 Kxg7 22. Qd4+ Qxd4 23. Nxd4 Rfc8 24. Rfe1 b5 25. Nf3 b4 26. cxb4 Rc2 27. Rd2 Rxd2 28. Nxd2 Rb8 29. Ra1 Rxb4 30. Rxa6 Rxb2 31. Nf3 Rb7 32. Ra2 h6 33. h4 Nc3 34. Rc2 Nd5 35. Kg2 Ne7 36. Rd2 Nf5 37. Re2 Kf6 38. g4 Ne7 39. g5+ hxg5 40. hxg5+ Kg7 41. Rc2 Nd5 42. Ra2 Rc7 43. Kg3 Ne7 44. Ra3 Nf5+ 45. Kg2 Ne7 46. Ne5 Nd5 47. Rf3 Nb6 48. Kg3 Nc8 49. Rd3 Ne7 50. Rd7 Rxd7 51. Nxd7 Nd5 52. Ne5 Kf8 53. f4 Ke7 54. Kf3 Nb6 55. Nc6+ Kd6 56. Ne5 Ke7 57. Nc6+ Ke8 58. Ne5 Nc8 59. Nc4 Ke7 60. Ne5 Nd6 61. Kg4 Kd8 62. Nc6+ Kc7 63. Ne5 Kb6 64. Kf3 Kc5 65. Ke3 Kd5 66. Ng4 Nc4+ 67. Kf3 Kd4 68. Nh6 Nd6 69. Kg4 Ke4 70. Kg3 Nf5+ 71. Kg4 Nd6 72. Kg3 Ke3 73. Kg4 Kf2 74. Ng8 Nc4 75. Nh6 Ne3+ 76. Kh4 Nf5+ 77. Kg4 Ne3+ 78. Kh4 Kf3 79. Nxf7 Kxf4 80. Nd8 Nf5+ 81. Kh3 Nd4 82. Nf7 Nf3 83. Nh8 Nxg5+ 84. Kg2 Kf5 85. Kf2 Kf6 86. Ke3 Kg7 87. Kf4 Kxh8 88. Kxg5 Kg7 0-1


[Site "https://www.chess.com"]

[Event "Titled Tuesday Blitz April 05 Late 2022"]
[White "Delaney, Killian"]
[Black "Kollars, Dmitrij"]
[WhiteFideId "2501570"]
[BlackFideId "12909572"]
[WhiteElo "2306"]
[BlackElo "2584"]
[Result "0-1"]
[Round "03"]
[TimeControl "180+1"]
[Date "2022.04.05"]
[WhiteClock "0:01:26"]
[BlackClock "0:01:36"]

1. e4 e6 2. d4 d5 3. e5 c5 4. c3 Qb6 5. Nf3 Bd7 6. Bd3 Bb5 7. dxc5 Bxc5 8. b4 Be7 9. Be3 Qa6 10. Bc2 Nh6 11. a4 Bc4 12. Na3 Qc6 13. Nd4 Qc8 14. Nxc4 Qxc4 15. Nb5 a6 16. Bd3 Qc8 17. Nd6+ Bxd6 18. exd6 Qxc3+ 19. Ke2 Qb2+ 20. Qd2 Qxd2+ 21. Bxd2 Nc6 22. b5 Nd4+ 23. Ke3 Nhf5+ 24. Bxf5 Nxf5+ 25. Kd3 Nxd6 26. Bb4 Nc4 27. f4 Kd7 0-1


[Site "https://www.chess.com"]

[Event "Titled Tuesday Blitz April 05 Late 2022"]
[White "Djordjevic, Dejan N"]
[Black "Gogolev, Artem"]
[WhiteFideId "913316"]
[BlackFideId "4116615"]
[WhiteElo "2262"]
[BlackElo "2126"]
[Result "0-1"]
[Round "03"]
[TimeControl "180+1"]
[Date "2022.04.06"]
[WhiteClock "0:01:04"]
[BlackClock "0:00:27"]

1. e4 c5 2. Nc3 d6 3. g3 g6 4. Bg2 Bg7 5. Nge2 Nc6 6. O-O e6 7. h3 Nge7 8. d3 O-O 9. Bg5 Qc7 10. Qd2 Re8 11. Rae1 Rb8 12. Be3 Nd4 13. Nd1 b5 14. c3 Nxe2+ 15. Qxe2 b4 16. d4 Qa5 17. dxc5 Ba6 18. c4 dxc5 19. b3 Nc6 20. f4 Nd4 21. Qf2 Rbd8 22. g4 f5 23. gxf5 gxf5 24. e5 Kh8 25. Kh2 Qc7 26. Rg1 Rg8 27. Nb2 Bb7 28. Ref1 Be4 29. Bh1 Bh6 30. Rxg8+ Rxg8 31. Bxd4 cxd4 32. Qxd4 Bxh1 33. Rxh1 Qg7 34. Rg1 Bxf4+ 35. Kh1 Qxe5 36. Rxg8+ Kxg8 37. Qxe5 Bxe5 38. Nd3 Bc3 39. c5 Kf7 40. Kg2 e5 41. c6 Ke7 0-1


[Site "https://www.chess.com"]

[Event "Titled Tuesday Blitz April 05 Late 2022"]
[White "Do Valle Cardoso, Lucas"]
[Black "Shimanov, Aleksandr"]
[WhiteFideId "2163144"]
[BlackFideId "4198603"]
[WhiteElo "2331"]
[BlackElo "2636"]
[Result "1-0"]
[Round "03"]
[TimeControl "180+1"]
[Date "2022.04.05"]
[WhiteClock "0:00:10"]
[BlackClock "0:00:03"]

1. e4 c6 2. d4 d5 3. Nc3 dxe4 4. Nxe4 Bf5 5. Ng3 Bg6 6. h4 h6 7. h5 Bh7 8. Nf3 e6 9. Bd3 Bxd3 10. Qxd3 Nf6 11. Bd2 a5 12. O-O-O Bb4 13. c3 Be7 14. Ne4 a4 15. Kb1 a3 16. b3 O-O 17. Rdg1 Nxe4 18. Qxe4 Qd5 19. Qd3 Nd7 20. g4 f6 21. Nh4 Rfe8 22. Bxh6 Nc5 23. Qc2 Ne4 24. Be3 c5 25. f3 Ng5 26. h6 cxd4 27. Bxd4 e5 28. Be3 Rad8 29. Bxg5 fxg5 30. Nf5 Bf6 31. hxg7 Bxg7 32. Nxg7 Kxg7 33. Rh7+ Kg8 34. Qg6+ 1-0


[Site "https://www.chess.com"]

[Event "Titled Tuesday Blitz April 05 Late 2022"]
[White "Dobre, Claudiu-Cristian"]
[Black "Lashkin, Jegor"]
[WhiteFideId "1211854"]
[BlackFideId "13907808"]
[WhiteElo "2207"]
[BlackElo "2368"]
[Result "0-1"]
[Round "03"]
[TimeControl "180+1"]
[Date "2022.04.06"]
[WhiteClock "0:00:04"]
[BlackClock "0:00:53"]

1. c4 e5 2. Nc3 Nf6 3. Nf3 Nc6 4. e3 Bb4 5. Qc2 Bxc3 6. Qxc3 Qe7 7. b3 d5 8. cxd5 Nxd5 9. Qc2 O-O 10. a3 e4 11. Ng1 Bf5 12. Bb2 Rad8 13. Rc1 Bg6 14. Qb1 f5 15. Ne2 f4 16. Nd4 Ne5 17. b4 fxe3 18. dxe3 Ng4 19. Rc2 Kh8 20. h3 Ngxe3 21. fxe3 Qh4+ 22. Kd2 Nxe3 23. Rxc7 Qf4 24. g3 Nxf1+ 25. Kc2 Qxc7+ 26. Kb3 Nd2+ 0-1


[Site "https://www.chess.com"]

[Event "Titled Tuesday Blitz April 05 Late 2022"]
[White "Domingo Nunez, Alejandro"]
[Black "Rasulov, Vugar"]
[WhiteFideId "22245561"]
[BlackFideId "13402390"]
[WhiteElo "2215"]
[BlackElo "2560"]
[Result "0-1"]
[Round "03"]
[TimeControl "180+1"]
[Date "2022.04.05"]
[WhiteClock "0:00:03"]
[BlackClock "0:00:14"]

1. Nf3 d5 2. g3 Nf6 3. Bg2 c6 4. O-O Bg4 5. d3 Nbd7 6. Nbd2 e6 7. e4 Be7 8. b3 O-O 9. Bb2 a5 10. a4 b5 11. h3 Bh5 12. e5 Ne8 13. g4 Bg6 14. Nd4 Qb6 15. Kh1 Bc5 16. N2f3 Nc7 17. Qe1 Bb4 18. Qc1 bxa4 19. bxa4 c5 20. Ne2 c4 21. Bd4 Bc5 22. dxc4 dxc4 23. Rb1 Qa7 24. Nh4 Bxd4 25. Rb7 Qc5 26. Nxd4 Nxe5 27. Qf4 Rab8 28. Rfb1 Rxb7 29. Rxb7 c3 30. Nb5 Na6 31. Ra7 Bxc2 32. Rxa6 Bxa4 33. Nxc3 Qxc3 34. Qxa4 Qe1+ 35. Kh2 Qxf2 36. Rxa5 Nd3 37. Ra8 Qf4+ 38. Qxf4 Nxf4 39. Rxf8+ Kxf8 40. Kg3 Ne2+ 41. Kf2 Nc3 42. Nf3 Ke7 43. Ke3 h6 44. Ne5 Kf6 45. Nd7+ Ke7 46. Ne5 Nb5 47. Nc6+ Kf6 48. Nd4 Nd6 49. Nf3 g5 50. Kd4 Nb5+ 51. Kc5 Nc3 52. Kd4 Ne2+ 53. Ke3 Nf4 54. Bf1 Nd5+ 55. Ke4 Ke7 56. Ke5 Ne3 57. Bd3 Ng2 58. Ke4 Kd6 59. Bf1 Nf4 60. Ne5 Ke7 61. Nc6+ Kf6 62. Ne5 Kg7 63. Nd3 Ng6 64. Be2 Ne7 65. Ke5 Nd5 66. Bf3 Nb6 67. Nc5 Nc4+ 68. Kd4 Nd6 69. Ne4 Nb5+ 70. Kc5 Nc7 71. Nc3 Kf6 72. Bc6 Ke5 73. Kb6 Nd5+ 74. Nxd5 exd5 75. Kc7 d4 76. Kd7 d3 77. Ke7 f5 78. gxf5 Kxf5 79. Ba4 h5 80. Bd1 g4 81. hxg4+ hxg4 82. Kd6 Kf4 83. Kd5 g3 84. Kd4 g2 0-1


[Site "https://www.chess.com"]

[Event "Titled Tuesday Blitz April 05 Late 2022"]
[White "Dreev, Aleksey"]
[Black "Tanenbaum, Zachary"]
[WhiteFideId "4100107"]
[BlackFideId "2060850"]
[WhiteElo "2625"]
[BlackElo "2168"]
[Result "1-0"]
[Round "03"]
[TimeControl "180+1"]
[Date "2022.04.05"]
[WhiteClock "0:01:03"]
[BlackClock "0:00:39"]

1. d4 d5 2. c4 dxc4 3. e3 e5 4. Bxc4 exd4 5. exd4 Bd6 6. Nf3 Nf6 7. O-O O-O 8. Nc3 Nc6 9. h3 h6 10. Re1 Bf5 11. d5 Ne7 12. Nd4 a6 13. Rxe7 Qxe7 14. Nxf5 Qe5 15. Nxd6 Qxd6 16. Be3 Rfe8 17. a4 Re7 18. a5 Rae8 19. Qd4 Ne4 20. Nxe4 Rxe4 21. Qc3 c6 22. Rd1 Rd8 23. Rd2 Qc7 24. Bb3 Rd7 25. dxc6 Rxd2 26. Bxd2 bxc6 27. Be3 Re8 28. Bc4 Rd8 29. Bxa6 Rd1+ 30. Bf1 Qb7 31. Qc4 Qxb2 32. a6 Qa1 33. a7 Kh7 34. Qc2+ Kg8 35. Qxd1 1-0


[Site "https://www.chess.com"]

[Event "Titled Tuesday Blitz April 05 Late 2022"]
[White "Dubov, Daniil"]
[Black "Taichman, Ori"]
[WhiteFideId "24126055"]
[BlackFideId "2804069"]
[WhiteElo "2791"]
[BlackElo "2227"]
[Result "1-0"]
[Round "03"]
[TimeControl "180+1"]
[Date "2022.04.05"]
[WhiteClock "0:00:35"]
[BlackClock "0:00:04"]

1. e4 c5 2. Nf3 Nc6 3. d4 cxd4 4. Nxd4 d5 5. Bb5 dxe4 6. Nc3 Bd7 7. Be3 Nf6 8. Qe2 Nxd4 9. Bxd4 a6 10. Bxd7+ Qxd7 11. O-O-O Qc6 12. Bxf6 gxf6 13. Nxe4 Bh6+ 14. Kb1 O-O 15. Rd3 f5 16. Ng3 e6 17. Rhd1 Qb5 18. Nh5 Rad8 19. a4 Qa5 20. Nf6+ Kg7 21. Nd7 f4 22. Nxf8 Rxf8 23. Qe4 b5 24. Qe5+ Kg8 25. Rh3 Bg7 26. Qxf4 bxa4 27. Rg3 Qb5 28. Qf6 1-0


[Site "https://www.chess.com"]

[Event "Titled Tuesday Blitz April 05 Late 2022"]
[White "Fajdetic, Hrvoje"]
[Black "Derraugh, Geordie"]
[WhiteFideId "14501945"]
[BlackFideId "2603950"]
[WhiteElo "2172"]
[BlackElo "2116"]
[Result "0-1"]
[Round "03"]
[TimeControl "180+1"]
[Date "2022.04.06"]
[WhiteClock "0:00:04"]
[BlackClock "0:00:54"]

1. d4 Nf6 2. Bf4 c5 3. e3 cxd4 4. exd4 d5 5. Nc3 Bf5 6. Nb5 Na6 7. c3 g6 8. Qa4 Bd7 9. Qxa6 bxa6 10. Nc7+ Qxc7 11. Bxc7 Bb5 12. Ne2 Bh6 13. Bf4 Bg7 14. Nc1 Nd7 15. Nd3 f6 16. Kd2 Kf7 17. a4 Bc4 18. b3 Bxb3 19. Rb1 Bxa4 20. Rb7 Bc6 21. Rc7 Rhc8 22. Nb4 Rxc7 23. Bxc7 Bb7 24. Nxa6 Bh6+ 25. Kc2 Rc8 26. Ba5 e5 27. Bb5 Nf8 28. Nc5 Ba8 29. Ra1 exd4 30. cxd4 Bf4 31. Bc3 Bb8 32. Ra6 g5 33. h3 h5 34. g3 h4 35. gxh4 gxh4 36. Nd7 Nxd7 37. Bxd7 Rd8 38. Bf5 Rd6 39. Ra5 Bc6 40. Bb4 Rd8 41. Ra6 Bd7 42. Bxd7 Rxd7 43. Kd3 Kg6 44. Bc5 Kf5 45. Rc6 Kf4 46. Rc8 Bd6 47. Bxd6+ Rxd6 48. Rc7 Ra6 49. Rd7 Kf3 50. Rxd5 Kxf2 51. Rf5+ Kg3 52. Ke4 Kxh3 53. d5 Kg4 54. Rf1 Ra4+ 55. Kd3 h3 56. Rxf6 h2 57. Rh6 Ra3+ 58. Kc4 Rh3 59. Rg6+ Kf5 60. Rf6+ Kxf6 0-1


[Site "https://www.chess.com"]

[Event "Titled Tuesday Blitz April 05 Late 2022"]
[White "Filgueiras, Nathan Felipe"]
[Black "Kaganskiy, Gleb"]
[WhiteFideId "2188562"]
[BlackFideId "4132025"]
[WhiteElo "1994"]
[BlackElo "2165"]
[Result "1-0"]
[Round "03"]
[TimeControl "180+1"]
[Date "2022.04.06"]
[WhiteClock "0:00:39"]
[BlackClock "0:00:22"]

1. e4 d6 2. d4 Nf6 3. Nc3 e5 4. Nf3 Nbd7 5. h3 c6 6. Be2 Be7 7. O-O O-O 8. a4 Qc7 9. Be3 a5 10. Qd2 h6 11. Rfd1 Re8 12. d5 Nf8 13. Rab1 Bd7 14. g4 cxd5 15. exd5 Ng6 16. Bb5 Nxg4 17. hxg4 Bxg4 18. Be2 f5 19. Nh2 Bxe2 20. Qxe2 f4 21. Bd2 Nh4 22. Nf3 Nf5 23. Ne4 g5 24. Bc3 g4 25. Nxe5 dxe5 26. Qxg4+ Ng7 27. d6 Bxd6 28. Nxd6 Re6 29. Nf5 Rf8 30. Nxg7 Qxg7 31. Qxg7+ Kxg7 32. Rd7+ Rf7 33. Rbd1 Ree7 34. Rxe7 Rxe7 35. Bxa5 e4 36. Bc3+ Kg6 37. Rd6+ Kg5 38. Bf6+ 1-0


[Site "https://www.chess.com"]

[Event "Titled Tuesday Blitz April 05 Late 2022"]
[White "Fishbein, Alexander"]
[Black "Vasquez Schroeder, Rodrigo"]
[WhiteFideId "2000377"]
[BlackFideId "3400042"]
[WhiteElo "2442"]
[BlackElo "2561"]
[Result "0-1"]
[Round "03"]
[TimeControl "180+1"]
[Date "2022.04.05"]
[WhiteClock "0:00:01"]
[BlackClock "0:00:44"]

1. e4 c5 2. Nf3 d6 3. d4 cxd4 4. Nxd4 Nf6 5. Nc3 a6 6. a4 Nc6 7. a5 Nxa5 8. Nd5 Nc6 9. Nxf6+ gxf6 10. Bc4 e6 11. Be3 h5 12. h3 Bd7 13. O-O Be7 14. Bb3 Qc7 15. Qd2 Rc8 16. Kh1 Ne5 17. f4 Nc4 18. Bxc4 Qxc4 19. b3 Qc3 20. Qf2 e5 21. fxe5 dxe5 22. Nf5 Bxf5 23. Qxf5 Rd8 24. Bb6 Rd6 25. Ba5 Qc6 26. c4 Qd7 27. Qf2 Rd3 28. Qc2 Rg8 29. Rad1 Rgg3 30. Rxd3 Qxd3 31. Qf2 h4 32. Qf5 Kf8 33. Be1 Rg5 34. Qc8+ Kg7 35. Rg1 Qxe4 36. Bd2 Rg3 37. Kh2 Qd3 38. Be1 Rg6 39. Bf2 Bd6 0-1


[Site "https://www.chess.com"]

[Event "Titled Tuesday Blitz April 05 Late 2022"]
[White "Galego, Luis"]
[Black "Bortnyk, Olexandr"]
[WhiteFideId "1900072"]
[BlackFideId "14120828"]
[WhiteElo "2516"]
[BlackElo "2723"]
[Result "1-0"]
[Round "03"]
[TimeControl "180+1"]
[Date "2022.04.05"]
[WhiteClock "0:01:02"]
[BlackClock "0:00:06"]

1. e4 Nf6 2. e5 Nd5 3. Nc3 Nb6 4. Nf3 d5 5. d4 Bf5 6. a4 a5 7. Bd3 Bxd3 8. Qxd3 e6 9. O-O c5 10. Nb5 c4 11. Qe2 Nc6 12. c3 Qd7 13. Ng5 h6 14. Nh3 g5 15. f4 gxf4 16. Nxf4 O-O-O 17. Nh5 Kb8 18. Nf6 Qc8 19. Bf4 Ka8 20. Bg3 Be7 21. Nd6 Bxd6 22. exd6 Nd7 23. Qh5 Nxf6 24. Rxf6 Rd7 25. Raf1 Qe8 26. Rxh6 Rg8 27. Be5 Ka7 28. h4 Ka6 29. Rh7 b6 30. Rfxf7 Rxf7 31. Qxf7 Qa8 32. Qxe6 Nxe5 33. Qxe5 Rg4 34. Qe7 Re4 35. Qd7 Re1+ 36. Kf2 Qc6 37. Qa7# 1-0


[Site "https://www.chess.com"]

[Event "Titled Tuesday Blitz April 05 Late 2022"]
[White "Garagulya, Konstantin"]
[Black "Kosteniuk, Alexandra"]
[WhiteFideId "4128931"]
[BlackFideId "4128125"]
[WhiteElo "2329"]
[BlackElo "2469"]
[Result "1/2-1/2"]
[Round "03"]
[TimeControl "180+1"]
[Date "2022.04.06"]
[WhiteClock "0:00:06"]
[BlackClock "0:00:06"]

1. d4 Nf6 2. Nf3 d5 3. c4 e6 4. Bg5 h6 5. Bh4 dxc4 6. Qa4+ c6 7. Qxc4 b5 8. Qc2 Qa5+ 9. Nbd2 g5 10. Bg3 Bb7 11. e3 Nbd7 12. Be2 c5 13. O-O Rc8 14. Rfc1 Qd8 15. Qb3 a6 16. a4 c4 17. Qd1 Be7 18. Ne5 Nxe5 19. Bxe5 O-O 20. axb5 axb5 21. h4 Nd7 22. hxg5 Nxe5 23. dxe5 hxg5 24. Bf3 Bxf3 25. Nxf3 Qxd1+ 26. Rxd1 Rfd8 27. g4 Rxd1+ 28. Rxd1 b4 29. Rc1 c3 30. bxc3 b3 31. Nd4 b2 32. Rb1 Rxc3 33. Rxb2 Rc5 34. Rb5 Rc1+ 35. Kg2 Rc7 36. Kg3 Kg7 37. Kf3 Kg6 38. Ke4 Bc5 39. Ne2 Bf8 40. f4 gxf4 41. exf4 Rc4+ 42. Kf3 Ra4 43. Rb3 Bc5 44. Ng3 Ra1 45. Ne4 Be7 46. Rb7 Bf8 47. Ng3 Ra3+ 48. Kg2 Ra2+ 49. Kh3 Ra3 50. Kh4 Ra4 51. f5+ exf5 52. Nxf5 Ra6 53. Rb5 Re6 54. Rd5 Ba3 55. Kg3 Bb2 56. Kf4 Bc1+ 57. Ke4 Ba3 58. Nd4 Re8 59. Ra5 Bb2 60. Ra6+ Kg5 61. Nf3+ Kxg4 62. Rf6 Re7 63. Rf4+ Kh5 64. Rf5+ Kg6 65. Rf6+ Kg7 66. Rf5 Ba1 67. Kf4 Re6 68. Ng5 Re7 69. Nf3 Re6 70. Ng5 Re7 71. Ne4 Bd4 72. Rg5+ Kf8 73. Rh5 Rxe5 74. Rxe5 Bxe5+ 75. Kxe5 Ke7 76. Kf5 f6 77. Nxf6 1/2-1/2


[Site "https://www.chess.com"]

[Event "Titled Tuesday Blitz April 05 Late 2022"]
[White "Gatterer, Florian"]
[Black "D`Arruda, Ricardo D."]
[WhiteFideId "811688"]
[BlackFideId "100692"]
[WhiteElo "2218"]
[BlackElo "2150"]
[Result "1/2-1/2"]
[Round "03"]
[TimeControl "180+1"]
[Date "2022.04.06"]
[WhiteClock "0:00:18"]
[BlackClock "0:00:19"]

1. Nf3 d5 2. d4 Nf6 3. g3 g6 4. Bg2 Bg7 5. O-O O-O 6. c3 c6 7. h3 Nbd7 8. a4 Re8 9. Bf4 Nh5 10. Bg5 h6 11. Be3 e5 12. dxe5 Nxe5 13. Nxe5 Rxe5 14. Bd4 Re8 15. Bxg7 Kxg7 16. a5 a6 17. Nd2 Nf6 18. e3 Bf5 19. Re1 h5 20. Nf3 Be4 21. Qd4 Qe7 22. Kh2 Rad8 23. b4 Kg8 24. Rad1 Bxf3 25. Bxf3 Ne4 26. Bxe4 Qxe4 27. Qxe4 Rxe4 28. Rd4 Rde8 29. Red1 f5 30. h4 Kf7 31. Kg2 Kf6 32. Kf3 Rg4 33. Kg2 Rge4 34. Kf3 R8e6 35. R1d2 Ke7 36. c4 Rxd4 37. Rxd4 dxc4 38. Rxc4 Rd6 39. Kf4 Kf6 40. f3 Rd5 41. e4 fxe4 42. Rxe4 c5 43. bxc5 Rxc5 44. Rb4 Rxa5 45. Rxb7 Rb5 46. Ra7 Rb4+ 47. Ke3 Ra4 48. Ra8 a5 49. Ra6+ Kf5 50. Ra8 Ra3+ 51. Kf2 a4 52. Ke2 Ra2+ 53. Ke3 Rg2 54. Ra5+ Kf6 55. Kf4 Ra2 56. Ra6+ Kf7 57. Kg5 Rf2 58. Ra7+ Ke6 59. Ra6+ Kf7 60. Rxa4 Rxf3 61. Ra7+ Ke6 62. Kxg6 Rxg3+ 63. Kxh5 Kf6 64. Ra6+ Kg7 65. Ra7+ Kg8 66. Ra8+ Kh7 67. Ra7+ Kg8 68. Ra8+ Kh7 69. Ra7+ Kg8 1/2-1/2


[Site "https://www.chess.com"]